 Dungeon Crawl Stone Soup version 0.25.1-2-g60ff931df9 (webtiles) character file.

Game seed: 16074060275969117896

286 gruber the Fighter (level 6, 0/57 HPs)
             Began as a Gnoll Wanderer on Oct 12, 2020.
             Killed by nerve-wracking pain
             ... invoked by Grinder
              (7 damage)
             ... on level 4 of the Dungeon.
             The game lasted 00:03:35 (2805 turns).

gruber the Fighter (Gnoll Wanderer)                 Turns: 2805, Time: 00:03:35

Health: 0/57       AC: 11    Str: 17    XL:     6   Next: 30%
Magic:  8/8        EV:  5    Int: 14    God:
Gold:   251        SH: 14    Dex: 14    Spells: 8/8 levels left

rFire    . . .     SeeInvis .   i - +1 spear (venom)
rCold    . . .     Gourm    .   B - +2 tower shield
rNeg     . . .     Faith    .   c - +2 scale mail
rPois    .         Spirit   .   s - +0 helmet
rElec    .         Reflect  .   (no cloak)
rCorr    .         Harm     .   (no gloves)
MR       .....                  y - +0 pair of boots
Stlth    +.........             (no amulet)
HPRegen  0.19/turn              (no ring)
MPRegen  0.11/turn              (no ring)

@: no status effects
A: distributed training, fangs 1, strong nose
a: no special abilities


You were on level 4 of the Dungeon.
You were not hungry.

You visited 1 branch of the dungeon, and saw 4 of its levels.

You collected 251 gold pieces.

Inventory:

Hand Weapons
 a - a +0 quarterstaff
 i - a +1 spear of venom (weapon)
Missiles
 p - 27 poisoned darts (quivered)
 w - 6 javelins
Armour
 c - a +2 scale mail (worn)
 s - a +0 helmet (worn)
 y - a +0 pair of boots (worn)
 B - a +2 tower shield (worn)
Wands
 d - a wand of random effects (18)
 q - a wand of flame (13)
Scrolls
 b - a scroll of teleportation
 e - 2 scrolls of noise {unknown}
 h - 7 scrolls of remove curse {unknown}
 j - 2 scrolls of identify {unknown}
 l - 2 scrolls of magic mapping {unknown}
 m - a scroll of fog {unknown}
 n - a scroll of fear {unknown}
 o - 2 scrolls of blinking {unknown}
 r - a scroll of immolation {unknown}
Potions
 g - 5 potions of curing {unknown}
 t - 2 potions of flight {unknown}
 u - 2 potions of haste {unknown}
 v - a potion of cancellation {unknown}
 x - a potion of lignification {unknown}
 z - a potion of berserk rage {unknown}
 A - a potion of heal wounds {unknown}
Comestibles
 f - 4 rations
 k - 4 chunks of flesh


   Skills:
 + Level 8.7 Fighting
 + Level 1.8 Short Blades
 + Level 1.8 Long Blades
 + Level 1.8 Axes
 + Level 1.8 Maces & Flails
 + Level 1.8 Polearms
 + Level 3.2 Staves
 + Level 1.8 Slings
 + Level 1.8 Bows
 + Level 1.8 Crossbows
 + Level 3.2 Throwing
 + Level 4.9 Armour
 + Level 1.8 Dodging
 + Level 4.5 Stealth
 + Level 1.8 Shields
 + Level 1.8 Unarmed Combat
 + Level 1.8 Spellcasting
 + Level 1.4 Conjurations
 + Level 1.4 Hexes
 + Level 1.4 Charms
 + Level 1.4 Summonings
 + Level 1.4 Necromancy
 + Level 1.4 Translocations
 + Level 1.4 Transmutations
 + Level 1.4 Fire Magic
 + Level 1.4 Ice Magic
 + Level 1.4 Air Magic
 + Level 1.4 Earth Magic
 + Level 1.4 Poison Magic
 + Level 2.0 Invocations
 + Level 1.8 Evocations


You had 8 spell levels left.
You didn't know any spells.
Your spell library was empty.

Dungeon Overview and Level Annotations

Branches:
Dungeon (4/15)
 Temple: D:4-7

Altars:
Cheibriados
Makhleb

Annotations:
D:4 Grinder


Innate Abilities, Weirdness & Mutations

Your experience applies equally to all skills.
You have very sharp teeth.
Your uncanny sense of smell can sniff out nearby items.


Message History

Grinder seems to slow down.
Grinder zaps a wand.
You resist with some effort.
The now-empty wand crumbles to dust.
Unknown command.
Unknown command.
Evoke which item? (* to show all) (? for menu, Esc to quit)
Aiming: Random Effects
Press: ? - help, Shift-Dir - straight line, f/p - Grinder
Aim: Grinder (heavily wounded, slow)
The bolt of poison hits Grinder.
Grinder is heavily wounded.
Your transformation has ended.
Your +1 spear of venom unmelds from your body.
Your +0 helmet unmelds from your body.
Your +0 pair of boots unmelds from your body.
Your +2 tower shield unmelds from your body.
Your +2 scale mail unmelds from your body.
Your +1 spear of venom begins to drip with poison!
Grinder gestures at you. Pain shoots through your body!
You die...

∆ #######... .#.#
#.####....# ... ...#
#.........+ ..# #..#
#...@.# #.## #..# ###
#..5#####.#.##..#.#..
#.........##.#....#.#
#......#.......####.#
#.....÷...÷>....#....
#.......#...#.#.#.#.#
#.......#...#.#.# #..
#.......#.....#.# #..
#.......#...###.#.##.


You could see Grinder (slow).

Vanquished Creatures
  A phantom (D:4)
  An iguana (D:4)
  Jessica (D:2)
  Robin (D:2)
  6 adders
  3 worms
  A dart slug (D:2)
  A leopard gecko (D:3)
  3 orcs (D:3)
  2 giant cockroaches (D:2)
  14 goblins
  9 hobgoblins
  6 jackals
  A quokka (D:3)
  4 bats
  5 frilled lizards
  7 kobolds
  4 rats
70 creatures vanquished.

Notes
Turn   | Place    | Note
-------+----------+-------------------------------------------
     0 | D:1      | gruber the Gnoll Wanderer began the quest for the Orb.
     0 | D:1      | gruber set off with the following items: a +0 quarterstaff,
                  | a scroll of teleportation, a +2 scale mail, a +0 dagger, a
                  | ration
     0 | D:1      | Reached XP level 1. HP: 26/26 MP: 1/1
   222 | D:1      | Reached XP level 2. HP: 33/33 MP: 2/2
   721 | D:2      | Noticed Robin
   763 | D:2      | Reached XP level 3. HP: 36/38 MP: 3/3
   891 | D:2      | Found a snail-covered altar of Cheibriados.
   936 | D:2      | Reached skill level 1 in Invocations
  1025 | D:2      | Killed Robin
  1025 | D:2      | Reached skill level 1 in Short Blades
  1025 | D:2      | Reached skill level 1 in Long Blades
  1025 | D:2      | Reached skill level 1 in Axes
  1025 | D:2      | Reached skill level 1 in Maces & Flails
  1025 | D:2      | Reached skill level 1 in Polearms
  1025 | D:2      | Reached skill level 1 in Slings
  1025 | D:2      | Reached skill level 1 in Bows
  1025 | D:2      | Reached skill level 1 in Crossbows
  1025 | D:2      | Reached skill level 1 in Dodging
  1025 | D:2      | Reached skill level 1 in Shields
  1025 | D:2      | Reached skill level 1 in Unarmed Combat
  1025 | D:2      | Reached skill level 1 in Spellcasting
  1025 | D:2      | Reached skill level 1 in Evocations
  1025 | D:2      | Reached XP level 4. HP: 40/45 MP: 5/5
  1493 | D:2      | Noticed Jessica
  1501 | D:2      | Killed Jessica
  1501 | D:2      | Reached skill level 1 in Conjurations
  1501 | D:2      | Reached skill level 1 in Hexes
  1501 | D:2      | Reached skill level 1 in Charms
  1501 | D:2      | Reached skill level 1 in Summonings
  1501 | D:2      | Reached skill level 1 in Necromancy
  1501 | D:2      | Reached skill level 1 in Translocations
  1501 | D:2      | Reached skill level 1 in Transmutations
  1501 | D:2      | Reached skill level 1 in Fire Magic
  1501 | D:2      | Reached skill level 1 in Ice Magic
  1501 | D:2      | Reached skill level 1 in Air Magic
  1501 | D:2      | Reached skill level 1 in Earth Magic
  1501 | D:2      | Reached skill level 1 in Poison Magic
  1869 | D:3      | Reached XP level 5. HP: 39/51 MP: 6/6
  2196 | D:3      | Found a burning altar of Makhleb.
  2196 | D:3      | Noticed a blizzard demon
  2458 | D:3      | Noticed a neqoxec
  2458 | D:3      | Noticed a neqoxec
  2552 | D:4      | Noticed a phantom
  2633 | D:4      | Killed a phantom
  2633 | D:4      | Reached XP level 6. HP: 44/57 MP: 8/8
  2775 | D:4      | Noticed Grinder
  2805 | D:4      | Killed from afar by Grinder

Illustrated notes

Levels and vault maps discovered:
D:1:      dpeg_arrival_pits, layout_basic
D:2:      layout_basic, nicolae_overflow_crystal_walls, uniq_robin, uniq_jessica
D:3:      layout_rooms, minmay_fountain_box, makhleb_altar_promises_db
D:4:      old_forge, layout_basic, gammafunk_temple_overflow_arena,
          minmay_temple_entry_junction, first_ration, minmay_misc_feat_tiny,
          uniq_grinder

Skill      XL: |  1  2  3  4  5 |
---------------+----------------+-----
Invocations    | 1 2 |  2.0
Short Blades   | 1 |  1.8
Long Blades    | 1 |  1.8
Axes           | 1 |  1.8
Maces & Flails | 1 |  1.8
Polearms       | 1 |  1.8
Slings         | 1 |  1.8
Bows           | 1 |  1.8
Crossbows      | 1 |  1.8
Dodging        | 1 |  1.8
Shields        | 1 |  1.8
Unarmed Combat | 1 |  1.8
Spellcasting   | 1 |  1.8
Evocations     | 1 |  1.8
Conjurations   | 1 |  1.4
Hexes          | 1 |  1.4
Charms         | 1 |  1.4
Summonings     | 1 |  1.4
Necromancy     | 1 |  1.4
Translocations | 1 |  1.4
Transmutations | 1 |  1.4
Fire Magic     | 1 |  1.4
Ice Magic      | 1 |  1.4
Air Magic      | 1 |  1.4
Earth Magic    | 1 |  1.4
Poison Magic   | 1 |  1.4
Staves         | 3 |  3.2
Throwing       | 3 |  3.2
Fighting       | |  8.7
Armour         | |  4.9
Stealth        | |  4.5

Action                   |  1- 3 |  4- 6 || total
-------------------------+-------+-------++-------
Melee: Spear             |    96 |   157 ||   253
       Quarterstaff      |     1 |     8 ||     9
       Bite              |     6 |    14 ||    20
       Punch             |       |     1 ||     1
       Unarmed           |       |    12 ||    12
Evoke: Wand              |       |     4 ||     4
 Stab: Sleeping          |     1 |     2 ||     3
  Eat: Chunk             |       |     6 ||     6
Armor: Scale mail        |    28 |    40 ||    68
Dodge: Dodged            |    32 |    48 ||    80
Block: Tower shield      |       |     6 ||     6
